 Dungeon Crawl Stone Soup version 0.31-a0-981-geadf994542 (webtiles) character file.

Game seed: 5911347272232719011

77 CowFu the Chopper (level 4, 0/38 HPs)
             Began as a Gnoll Reaver on Nov 1, 2023.
             Was an Initiate of Yredelemnul.
             Slain by an orc priest
             ... wielding a +0 mace
              (5 damage)
             ... on level 3 of the Dungeon.
             The game lasted 00:01:26 (1663 turns).

CowFu the Chopper (Gnoll Reaver)                    Turns: 1663, Time: 00:01:26

Health: 0/38       AC:  3    Str: 13    XL:     4   Next: 34%
Magic:  11/11      EV: 12    Int: 12    God:    Yredelemnul [......]
Gold:   161        SH:  0    Dex: 11    Spells: 12/13 levels left

rFire   . . .        a - +0 hand axe
rCold   . . .        (no shield)
rNeg    . . .        b - +0 leather armour
rPois   .            (no helmet)
rElec   .            (no cloak)
rCorr   .            (no gloves)
SInv    .            (no boots)
Will    .....        (no amulet)
Stlth   +            (no ring)
HPRegen 0.26/turn    (no ring)
MPRegen 0.12/turn

%: no passive effects
@: no status effects
A: fangs 1, strong nose, distributed training
a: Renounce Religion, Recall Undead Harvest


You were on level 3 of the Dungeon.
You worshipped Yredelemnul.
Yredelemnul was noncommittal.
You visited 1 branch of the dungeon, and saw 3 of its levels.

You collected 161 gold pieces.

Inventory:

Hand Weapons
 a - a +0 hand axe (weapon)
Missiles
 f - a throwing net
Armour
 b - a +0 leather armour (worn)
Jewellery
 e - a +6 ring of intelligence
Scrolls
 k - a scroll of teleportation {unknown}
 m - a scroll of blinking {unknown}
 n - 2 scrolls of identify {unknown}
 o - a scroll of fog {unknown}
Potions
 c - a potion of haste {unknown}
 d - 2 potions of might {unknown}
 g - a potion of brilliance {unknown}
 h - a potion of resistance {unknown}
 i - 2 potions of lignification {unknown}
 j - a potion of cancellation {unknown}
 l - a potion of heal wounds {unknown}


   Skills:
 + Level 4.6 Fighting
 + Level 1.1 Short Blades
 + Level 1.1 Long Blades
 + Level 6.6 Axes
 + Level 1.1 Maces & Flails
 + Level 1.1 Polearms
 + Level 1.1 Staves
 + Level 1.1 Ranged Weapons
 + Level 1.1 Throwing
 + Level 1.1 Armour
 + Level 4.6 Dodging
 + Level 1.1 Stealth
 + Level 1.1 Shields
 + Level 1.1 Unarmed Combat
 + Level 5.1 Spellcasting
 + Level 5.4 Conjurations
 + Level 0.9 Hexes
 + Level 0.9 Summonings
 + Level 0.9 Necromancy
 + Level 0.9 Translocations
 + Level 0.9 Transmutations
 + Level 0.9 Fire Magic
 + Level 0.9 Ice Magic
 + Level 0.9 Air Magic
 + Level 0.9 Earth Magic
 + Level 0.9 Poison Magic
 + Level 1.2 Invocations
 + Level 1.1 Evocations
 + Level 1.0 Shapeshifting


You had 12 spell levels left.
You knew the following spells:

 Your Spells              Type           Power      Damage    Failure   Level
a - Kiss of Death         Conj/Necr      40%        2d8       7%          1

Your spell library contained the following spells:

 Spells                   Type           Power      Damage    Failure   Level
 Momentum Strike          Conj/Tloc      20%        3d8       11%         2
 Hailstorm                Conj/Ice       10%        3d5       21%         3
 Stone Arrow              Conj/Erth      20%        3d8       21%         3
 Sublimation of Blood     Necr           5%         N/A       26%         2
 Wereblood                Tmut           5%         N/A       26%         2
 Animate Armour           Summ/Erth      10%        N/A       86%         4
 Summon Hydra             Summ           2%         N/A       100%        7
 Lehudib's Crystal Spear  Conj/Erth      5%         10d3      100%        8


Dungeon Overview and Level Annotations

Branches:
Dungeon (3/15)

Altars:
Kikubaaqudgha
Yredelemnul

Shops:
D:1 (   D:2 [


Innate Abilities, Weirdness & Mutations

You have very sharp teeth.
Your uncanny sense of smell can sniff out nearby items.
Your experience applies equally to all skills.


Message History

No target in view!
No target in view!
You see here a +2 sling of electrocution.
An orc priest comes into view. It is wielding a +0 mace.
An orc priest comes into view. It is wielding a +0 hand axe.
The orc priest shouts!
You hear a shout!
The orc priest looks satisfied for a moment.
An orc comes into view. It is wielding a +0 dagger.
The orc shouts!
The orc priest invokes the aid of Beogh against you.
Beogh smites you!
An orc comes into view. It is wielding a +0 trident.
The orc priest looks braver for a moment.
The orc priest hits you with a +0 mace.
The orc moves out of view.
You hit the orc priest. Your bite misses the orc priest.
The orc priest is lightly wounded.
The orc priest closely misses you.
You barely miss the orc priest. Your bite misses the orc priest.
The orc priest is lightly wounded.
The orc priest hits you with a +0 mace.
You barely miss the orc priest.
The orc priest is lightly wounded.
The orc priest closely misses you.
You slash the orc priest!
The orc priest is severely wounded.
The orc priest hits you with a +0 mace.
You hit the orc priest.
The orc priest is severely wounded.
The orc priest closely misses you.
You barely miss the orc priest.
The orc priest is severely wounded.
The orc priest barely misses you.
You barely miss the orc priest.
The orc priest is severely wounded.
The orc priest invokes the aid of Beogh against you.
Beogh smites you!
* * * LOW HITPOINT WARNING * * *
The orc priest hits you with a +0 mace.
You die...
Your body rises from the dead as a mindless zombie.

#.######....#
#.# #....#
#.# #...##
#.# ##.## #.#
#.# #.# #Z#
#.# #Z# #.#
#Z# ##.## #@#
#...######
#o#
#.#.......


oo# #...#####. #.## ##### #. ∆ #. #. #. #. .. ##. #. #######.. #...<.... You
could see 2 orc priests, an orc, a friendly frilled lizard zombie, a friendly
bat zombie and a friendly endoplasm zombie.

Vanquished Creatures
  Robin (D:2)
  An adder (D:2)
  A worm (D:2)
  A ball python (D:1)
  2 endoplasms
  A giant cockroach (D:2)
  10 goblins
  5 hobgoblins
  3 jackals (D:2)
  4 kobolds
  2 quokkas
  4 bats
  4 frilled lizards
  3 rats
42 creatures vanquished.

Vanquished Creatures (collateral kills)
  A dart slug (D:1)
  A goblin (D:1)
  A hobgoblin (D:2)
  A frilled lizard (D:1)
4 creatures vanquished.

Vanquished Creatures (others)
  A bat zombie (D:1)
  2 goblin zombies (D:2)
  A hobgoblin zombie (D:2)
  A quokka zombie (D:2)
5 creatures vanquished.

Grand Total: 51 creatures vanquished

Notes
Turn   | Place    | Note
-------+----------+-------------------------------------------
     0 | D:1      | CowFu the Gnoll Reaver began the quest for the Orb.
     0 | D:1      | Reached XP level 1. HP: 20/20 MP: 6/6
   107 | D:1      | Found Ipraeg's Weapon Emporium.
   115 | D:1      | Found a faded altar of an unknown god.
   146 | D:1      | Reached XP level 2. HP: 26/26 MP: 7/7
   177 | D:1      | Prayed at the altar of an unknown god.
   177 | D:1      | Became a worshipper of Yredelemnul the Dark
   177 | D:1      | Reached * piety under Yredelemnul
   309 | D:1      | Reached ** piety under Yredelemnul
   448 | D:1      | Reached skill level 5 in Spellcasting
   448 | D:1      | Reached XP level 3. HP: 31/31 MP: 7/9
   811 | D:2      | Reached skill level 1 in Invocations
   887 | D:2      | Found Noruet's Armour Emporium.
  1001 | D:2      | Noticed Robin
  1002 | D:2      | Reached skill level 1 in Short Blades
  1002 | D:2      | Reached skill level 1 in Long Blades
  1002 | D:2      | Reached skill level 1 in Maces & Flails
  1002 | D:2      | Reached skill level 1 in Polearms
  1002 | D:2      | Reached skill level 1 in Staves
  1002 | D:2      | Reached skill level 1 in Ranged Weapons
  1002 | D:2      | Reached skill level 1 in Throwing
  1002 | D:2      | Reached skill level 1 in Armour
  1002 | D:2      | Reached skill level 1 in Stealth
  1002 | D:2      | Reached skill level 1 in Shields
  1002 | D:2      | Reached skill level 1 in Unarmed Combat
  1002 | D:2      | Reached skill level 1 in Evocations
  1014 | D:2      | Killed Robin
  1015 | D:2      | Reached skill level 1 in Shapeshifting
  1015 | D:2      | Reached XP level 4. HP: 13/38 MP: 11/11
  1473 | D:2      | Found an ancient bone altar of Kikubaaqudgha.
  1663 | D:3      | Slain by an orc priest

Illustrated notes

Levels and vault maps discovered:
D:1:      minmay_arrival_three_doors, layout_basic, basic_ecumenical_altar,
          serial_shops, shop
D:2:      layout_basic, serial_shops, shop, basic_altar, minivault_4, uniq_robin
D:3:      layout_loops_ring

Skill      XL: |  1  2  3 |
---------------+----------+-----
Spellcasting   | 5 |  5.1
Invocations    | 1 |  1.2
Short Blades   | 1 |  1.1
Long Blades    | 1 |  1.1
Maces & Flails | 1 |  1.1
Polearms       | 1 |  1.1
Staves         | 1 |  1.1
Ranged Weapons | 1 |  1.1
Throwing       | 1 |  1.1
Armour         | 1 |  1.1
Stealth        | 1 |  1.1
Shields        | 1 |  1.1
Unarmed Combat | 1 |  1.1
Evocations     | 1 |  1.1
Shapeshifting  | 1 |  1.0
Fighting       | |  4.6
Axes           | |  6.6
Dodging        | |  4.6
Conjurations   | |  5.4
Hexes          | |  0.9
Summonings     | |  0.9
Necromancy     | |  0.9
Translocations | |  0.9
Transmutations | |  0.9
Fire Magic     | |  0.9
Ice Magic      | |  0.9
Air Magic      | |  0.9
Earth Magic    | |  0.9
Poison Magic   | |  0.9

Action                     |  1- 3 |  4- 6 || total
---------------------------+-------+-------++-------
  Melee: Hand axe          |   105 |    41 ||   146
         Bite              |     9 |     3 ||    12
   Stab: Sleeping          |     1 |       ||     1
 Armour: Leather armour    |    68 |    21 ||    89
  Dodge: Dodged            |    66 |    30 ||    96

Table legend: (Time is in decaauts)
 A = Elapsed time spent in this place.
 B = Non-inter-level travel time spent in this place.
 C = Inter-level travel time spent in this place.
 D = Time resting spent in this place.
 E = Time spent auto-exploring this place.
 F = Levels seen in this place.
 G = Mean time per level.
                   A        B        C        D        E       F      G
               +--------+--------+--------+--------+--------+-----+--------+
         Total |   1659 |   1538 |    121 |      0 |   1259 |   3 |  553.0 |
       Dungeon |   1659 |   1538 |    121 |      0 |   1259 |   3 |  553.0 |
               +--------+--------+--------+--------+--------+-----+--------+

Top non-repeatable levels by time:
     D:2: 996 daAuts
     D:1: 578 daAuts
     D:3: 84 daAuts
